Description

A cheesy 1 Base Swarmhost Nydus Opener :)

VOD

https://youtu.be/GJwIEbLUy6o

Replay - 2026-07-14 - (Z)Railgan VS (P)IIIIIIIIIIII

Build Order

Get SALT Encoding   

  8  0:00  Drone  
  9  0:11  Drone  
  10  0:16  Drone  
  11  0:21  Drone  
  12  0:35  Extractor x2, Drone x2  
  14  0:47  Overlord  
  14  1:03  Spawning Pool  
  13  1:06  Drone x2  
  15  1:11  Extractor  
  15  1:14  Drone  
  15  1:20  Drone  
  16  1:32  Extractor  
  17  1:48  Overlord  
  17  1:50  Queen  
  17  1:51  Zergling x2  
  20  2:03  Extractor  
  22  2:26  Lair  
  24  2:46  Metabolic Boost  
  24  2:49  Overlord  
  24  3:03  Overlord  
  28  3:28  Infestation Pit  
  28  3:33  Zergling x8  
  31  3:34  Nydus Network  
  30  3:46  Spore Crawler  
  30  3:49  Queen  
  30  3:54  Overlord  
  32  4:09  Swarm Host x3  
  41  4:24  Zergling x4  
  43  4:33  Zergling x2  
  43  4:34  Nydus Canal  
  44  4:44  Zergling x4  
  48  5:01  Nydus Canal  
  43  5:27  Nydus Canal  
  42  5:35  Queen  
  33  5:47  Hatchery  
  31  5:57  Swarm Host x4  
  42  6:23  Nydus Canal  
  44  6:47  Nydus Canal  
  48  7:03  Swarm Host x2  
  53  7:17  Swarm Host  
  56  7:33  Hydralisk Den  
  57  7:58  Nydus Canal  
  62  8:16  Nydus Canal  
  80  9:54  Nydus Canal  
Spawning Tool Build Advisor. Get it on Overwolf

Analysis

General Build:

  • 1 Gas + Pool First
  • @pool Queen + 2 Lings
  • @Queen 2nd Gas + Lair
  • @100 Gas Ling Speed
  • @Lair Infestation Pit + Nydusnetwork

Go to:

Details

  • Created by: railgan      
  • Published on: Jul 15, 2026
  • Modified on: Jul 15, 2026
  • Patch: 5.0.16
  • Difficulty: Hard
Show
View Real Time Build Order
Export as new Build Order

Comments (0)

There are no comments. Be the first!

Create an account to comment!